 Dungeon Sprint DCSS version 0.18-a0-1655-ge2d8d33 (webtiles) character file.

13841 Kidiri the Peltast (level 11, -26/105 HPs)
             Began as a Minotaur Fighter on Mar 30, 2016.
             Was the Champion of Qazlal.
             Killed from afar by a fire giant (63 damage)
             ... with a fireball
             ... in the Dungeon (Sprint V: "Ziggurat Sprint").
             The game lasted 00:05:54 (1134 turns).

Kidiri the Peltast (Minotaur Fighter)               Turns: 1134, Time: 00:05:55

Health: -26/105    AC: 37    Str: 33    XL:     11   Next: 80%
Magic:  8/15       EV: 17    Int:  5    God:    Qazlal [******]
Gold:   0          SH:  8    Dex: 19    Spells: 0 memorised, 10 levels left

rFire  . . .     SeeInvis .     a - +14 plutonium sword {*Contam Stlth-}
rCold  . . .     Gourm    .     b - +15 Maxwell's patent armour {-Cast -Tele rElec MR+ rCorr}
rNeg   . . .     Faith    .     (shield currently unavailable)
rPois  .         Spirit   .     (helmet restricted)
rElec  +         Dismiss  .     K - +0 cloak of the Stars {Str+5 Dex+7}
rCorr  +         Reflect  .     (no gloves)
SustAt .         Harm     .     (no boots)
MR     +....     NoTele   +     (no amulet)
Stlth  .......... NoCast   +    (no ring)
                                B - +6 ring of strength

@: protected from physical damage, repel missiles, somewhat resistant to hostile
enchantments, extremely unstealthy
A: retaliatory headbutt, horns 2, low mp 1
a: Upheaval, Elemental Force, Disaster Area, Renounce Religion


You were in the Dungeon.
You worshipped Qazlal.
Qazlal was exalted by your worship.
You were not hungry.

You visited 1 branch

Inventory:

Hand Weapons
 a - the +14 plutonium sword (weapon) {*Contam Stlth-}
   (You found it in the Dungeon)

   It causes magical contamination when unequipped.
   It makes you less stealthy.
Armour
 b - the +15 Maxwell's patent armour (worn) {-Cast -Tele rElec MR+ rCorr}
   (You found it in the Dungeon)

   It insulates you from electricity.
   It affects your resistance to hostile enchantments.
   It prevents spellcasting.
   It prevents most forms of teleportation.
   It protects you from acid and corrosion.
 c - the +18 shield of the gong {rElec rN+ MR+ EV-5}
   (You found it in the Dungeon)

   It affects your evasion (-5).
   It insulates you from electricity.
   It protects you from negative energy.
   It affects your resistance to hostile enchantments.
 K - the +0 cloak of the Stars (worn) {Str+5 Dex+7}
   (You found it in the Dungeon)

   It affects your strength (+5).
   It affects your dexterity (+7).
Rods
 y - a +8 rod of clouds (11/11)
   (You took it off a yaktaur in the Dungeon)
Jewellery
 o - a +6 ring of dexterity
 q - a +6 ring of dexterity
 B - a +6 ring of strength (left hand)
 C - a +6 ring of strength
 I - the ring "Owimuhuni" {rN++ MP+9 Str+2}
   (You found it in the Dungeon)

   [ring of magical power]

   It affects your strength (+2).
   It greatly protects you from negative energy.
   It affects your magic capacity (+9).
Wands
 D - a wand of disintegration (7/24)
 E - a wand of iceblast (5/15)
 F - a wand of lightning (5/15)
 G - a wand of acid (5/15)
Scrolls
 k - 4 scrolls of blinking
 r - 3 scrolls of recharging
 s - 7 scrolls of fog
 t - a scroll of holy word
 u - 5 scrolls of identify
 v - 5 scrolls of remove curse
 w - 2 scrolls of fear
 J - 4 scrolls of enchant armour
Potions
 d - 6 potions of might
 e - 10 potions of curing
 g - 7 potions of heal wounds
 h - 8 potions of haste
 i - 7 potions of magic
 j - 3 potions of berserk rage
 l - 2 potions of brilliance
 m - 2 potions of invisibility
 n - 4 potions of resistance
 p - 5 potions of agility
Comestibles
 f - 5 bread rations
 x - 42 fruits
 z - 4 meat rations
 A - 3 royal jellies


   Skills:
 + Level 12.5 Fighting
 * Level 16.3 Long Blades
 * Level 16.5 Armour
 + Level 11.1 Dodging
 * Level 16.5 Shields
 + Level 10.3 Invocations


You had 10 spell levels left.
You didn't know any spells.

Dungeon Overview and Level Annotations

Branches:
Dungeon (1/1)

Altars:
Ashenzari
Cheibriados
Dithmenos
Elyvilon
Fedhas
Gozag
Kikubaaqudgha
Makhleb
Nemelex Xobeh
Okawaru
Pakellas
Qazlal
Ru
Sif Muna
Trog
Vehumet
Xom
Yredelemnul
Zin
The Shining One
Beogh
Jiyva
Lugonu


Innate Abilities, Weirdness & Mutations

You reflexively headbutt those who attack you in melee.
You have a pair of horns on your head.
Your magical capacity is low (-10% MP).


Message History

The fire giant partially resists.
The fire giant is lightly wounded.
The blast of rubble hits the fire elemental.
The fire elemental is almost destroyed.
The blast of magma engulfs the fire dragon.
The fire dragon partially resists.
The fire dragon is almost dead.
The blast of magma engulfs the fire giant.
The fire giant partially resists.
The fire giant is severely wounded.
The fire dragon is struck by lightning.
You kill the fire dragon!
Qazlal accepts your kill.
The fire giant is engulfed in roaring flames.
The fire giant is struck by lightning.
Unknown command.
The fire giant gestures at you while chanting.
The fireball explodes!
The fireball engulfs you!
Ouch! That really hurt!
You die...

▓...8©8...▓.
▓..)["=}|.▓...[}§...▓.
▓..:|)}|..▓.)§§.:...▓.
▓...≈.....▓....)§§..▓.
▓..§§≈.§§)▓.....)().▓.
▓..§..≈...▓.....(..(▓.
▓..ECD§§.≈▓....(...(▓.
▓..▓§≈C▓..▓....(.(.(▓.
▓.▓§)@..▓.▓(▓..(..▓(▓.
▓.........▓...(((((.▓▓
▓▓▓▓▓▓▓▓▓▓▓▓▓▓▓▓▓▓▓▓▓


You could see 2 fire giants, a fire dragon and a fire elemental.

Vanquished Creatures
  2 deep elf master archers (D)
  A stone giant (D)
  A fire dragon (D)
  2 yaktaur captains (D)
  A hill giant (D)
  A shining eye (D)
  2 cyclopes (D)
  2 yaktaurs (D)
  2 rime drakes (D)
  2 efreet (D)
  2 slime creatures (D)
  A yak (D)
  4 spriggans (D)
  2 wyverns (D)
  A fire elemental (D)
  2 steam dragons (D)
  3 hell hounds (D)
  A porcupine (D)
  2 black bears (D)
  An orc warrior (D)
  A phantom (D)
  2 necrophages (D)
  5 wolves (D)
  3 eyes of draining (D)
  A centaur (D)
  A giant frog (D)
  A jelly (D)
  A quasit (D)
  4 orc priests (D)
  2 iron imps (D)
  4 orc wizards (D)
  2 iguanas (D)
  A sheep (D)
  A shadow imp (D)
  An adder skeleton (D)
  3 orcs (D)
  A bat zombie (D)
  A quokka skeleton (D)
70 creatures vanquished.

Vanquished Creatures (others)
  A wyvern (D)
1 creature vanquished.

Grand Total: 71 creatures vanquished

Notes
Turn   | Place    | Note
--------------------------------------------------------------
     0 | D        | Kidiri the Minotaur Fighter began the quest for the Orb.
     0 | D        | Reached XP level 1. HP: 19/19 MP: 0/0
    13 | D        | Found an iron altar of Okawaru.
    13 | D        | Found a burning altar of Makhleb.
    13 | D        | Found a radiant altar of Vehumet.
    13 | D        | Found a deep blue altar of Sif Muna.
    13 | D        | Found a shimmering altar of Xom.
    13 | D        | Found a bloodstained altar of Trog.
    20 | D        | Found a sparkling altar of Nemelex Xobeh.
    20 | D        | Found a white marble altar of Elyvilon.
    20 | D        | Found a corrupted altar of Lugonu.
    20 | D        | Found a roughly hewn altar of Beogh.
    35 | D        | Found a viscous altar of Jiyva.
    53 | D        | Became a worshipper of Qazlal Stormbringer
    63 | D        | Reached skill level 5 in Armour
    63 | D        | Reached skill level 5 in Shields
    63 | D        | Reached XP level 2. HP: 28/28 MP: 0/2
    89 | D        | Entered arena 1.
    89 | D        | Noticed a hill giant
    89 | D        | Noticed a slime creature
   103 | D        | Killed a slime creature
   103 | D        | Reached XP level 3. HP: 18/37 MP: 2/4
   103 | D        | Reached XP level 4. HP: 21/44 MP: 2/5
   103 | D        | Reached XP level 5. HP: 24/50 MP: 2/6
   108 | D        | Killed a hill giant
   108 | D        | Reached skill level 5 in Dodging
   108 | D        | Reached skill level 5 in Invocations
   108 | D        | Reached XP level 6. HP: 26/60 MP: 2/8
   108 | D        | Reached XP level 7. HP: 28/66 MP: 2/9
   299 | D        | Entered arena 2.
   299 | D        | Noticed a spriggan
   299 | D        | Noticed a spriggan
   301 | D        | Reached * piety under Qazlal
   301 | D        | Reached skill level 10 in Armour
   301 | D        | Reached skill level 10 in Shields
   305 | D        | Killed a spriggan
   305 | D        | Reached skill level 10 in Long Blades
   306 | D        | Killed a spriggan
   306 | D        | Reached XP level 8. HP: 68/74 MP: 9/11
   317 | D        | Entered arena 3.
   321 | D        | Reached ** piety under Qazlal
   340 | D        | Entered arena 4.
   343 | D        | Reached *** piety under Qazlal
   355 | D        | Entered arena 5.
   358 | D        | Reached **** piety under Qazlal
   361 | D        | Reached ***** piety under Qazlal
   373 | D        | Got the ring "Owimuhuni" {rN++ MP+9 Str+2}
   377 | D        | Entered arena 6.
   377 | D        | Noticed a slime creature
   377 | D        | Noticed a shining eye
   380 | D        | Gained mutation: Your magical capacity is low (-10% MP). [a shining eye]
   382 | D        | Killed a shining eye
   382 | D        | Reached XP level 9. HP: 76/83 MP: 0/11
   477 | D        | Entered arena 7.
   483 | D        | Reached ****** piety under Qazlal
   501 | D        | Entered arena 8.
   501 | D        | Noticed a rime drake
   501 | D        | Noticed a rime drake
   505 | D        | Killed a rime drake
   510 | D        | Killed a rime drake
   510 | D        | Reached skill level 10 in Fighting
   516 | D        | Reached XP level 10. HP: 45/93 MP: 13/13
   708 | D        | Entered arena 9.
   802 | D        | Entered arena 10.
   835 | D        | Entered arena 11.
   835 | D        | Noticed a yaktaur captain
   835 | D        | Noticed a yaktaur captain
   835 | D        | Noticed a stone giant
   836 | D        | Noticed a cyclops
   836 | D        | Noticed a deep elf master archer
   836 | D        | Noticed a cyclops
   836 | D        | Noticed a deep elf master archer
   836 | D        | Identified a +8 rod of clouds (11/11)
   844 | D        | Killed a stone giant
   846 | D        | Killed a deep elf master archer
   846 | D        | Reached skill level 15 in Armour
   846 | D        | Reached skill level 10 in Dodging
   846 | D        | Reached skill level 15 in Shields
   846 | D        | Reached XP level 11. HP: 40/102 MP: 3/15
   850 | D        | Killed a deep elf master archer
   850 | D        | Reached skill level 15 in Long Blades
   852 | D        | Killed a yaktaur captain
   856 | D        | Killed a yaktaur captain
   856 | D        | Reached skill level 10 in Invocations
   898 | D        | Got the +0 cloak of the Stars {Str+5 Dex+7}
  1127 | D        | Entered arena 12.
  1127 | D        | Noticed a fire dragon
  1127 | D        | Noticed a fire giant
  1128 | D        | Noticed a fire dragon
  1129 | D        | Noticed a fire giant
  1133 | D        | Killed a fire dragon
  1134 | D        | Killed from afar by a fire giant

Vault maps used:
D:        sprint_v

Skill      XL: |  1  2  3  4  5  6  7  8  9 10 11 |
---------------+----------------------------------+-----
Fighting       | 4 6 7 8 9 10 11 12 | 12.5
Long Blades    | 4 7 9 10 11 13 14 16 | 16.3
Armour         | 5 7 9 10 12 13 15 16 | 16.5
Dodging        | 2 4 5 6 7 8 10 11 | 11.1
Shields        | 5 7 9 10 12 13 15 16 | 16.5
Invocations    | 2 3 5 6 7 9 10 | 10.3

Action                   |  1- 3 |  4- 6 |  7- 9 | 10-12 || total
-------------------------+-------+-------+-------+-------++-------
Melee: Triple sword      |     3 |     4 |    46 |    38 ||    91
       Unarmed           |     2 |       |       |       ||     2
Invok: Disaster Area     |       |       |       |     2 ||     2
       Upheaval          |       |       |       |     1 ||     1
  Use: Potion            |     1 |     1 |       |     2 ||     4
  Eat: Chunk             |       |       |       |     1 ||     1
